 Dungeon Sprint DCSS version 0.29-a0-378-gc08b2e8bf8 (webtiles) character file.

Game seed: 7477914014775430176

16000000 thiscave3701365 the Archmage (level 27, -18/228 HPs)
             Began as a Djinni Warper on May 4, 2022.
             Was the Champion of Makhleb.
             Demolished by a meat berserker
             ... wielding a +9 battleaxe
              (55 damage)
             ... in the Dungeon (Sprint VIII: "Arena of Blood").
             The game lasted 00:04:16 (160 turns).

thiscave3701365 the Archmage (Djinni Warper)         Turns: 160, Time: 00:04:16

Health: -18/228    AC:  6    Str: 20    XL:     27
Gold:   0          EV: 26    Int: 18    God:    Makhleb [******] SH:  0 Dex: 14

rFire   + + .      SeeInvis +   i - +∞ Axe of Woe
rCold   x . .      Faith    .   (shield currently unavailable)
rNeg    . . .      Spirit   .   b - +0 leather armour
rPois   ∞          Reflect  .   (no helmet)
rElec   .          Harm     .   (no cloak)
rCorr   .          Rampage  .   (no gloves)
Will    ++...      NoTele   +   (boots unavailable)
Stlth   +++++++++.              (no amulet)
HPRegen 0.48/turn               j - ring of see invisible
MPRegen 0.00/turn               (no ring)

@: flying, slowed, very slow
A: sickness immunity, fire resistance 2, cold vulnerability 1, float, innate
caster, HP casting, extra vitality 1
a: Renounce Religion, Minor Destruction, Lesser Servant of Makhleb, Major
Destruction, Greater Servant of Makhleb


You were in the Dungeon.
You worshipped Makhleb.
Makhleb was exalted by your worship.
You visited 1 branch

Inventory:

Hand Weapons
 a - a +0 hand axe
 i - the +∞ Axe of Woe (weapon)
   (You found it in the Dungeon)
Missiles
 d - 7 boomerangs of dispersal
Armour
 b - a +0 leather armour (worn)
Jewellery
 j - a ring of see invisible (left hand)
 k - a +200 ring of slaying
 l - a +30 ring of slaying
 m - a +30 ring of slaying
Scrolls
 c - 2 scrolls of blinking
Potions
 e - a potion of curing
 f - a potion of heal wounds
 g - a potion of haste
 h - a potion of berserk rage


   Skills:
 O Level 27 Fighting
 O Level 27 Short Blades
 O Level 27 Long Blades
 O Level 27 Axes
 O Level 27 Maces & Flails
 O Level 27 Polearms
 O Level 27 Staves
 O Level 27 Slings
 O Level 27 Bows
 O Level 27 Crossbows
 O Level 27 Throwing
 O Level 27 Armour
 O Level 27 Dodging
 O Level 27 Stealth
 O Level 27 Shields
 O Level 27 Unarmed Combat
 O Level 27 Spellcasting
 O Level 27 Invocations
 O Level 27 Evocations


You couldn't memorise any spells.
You knew the following spells:

 Your Spells              Type           Power      Damage    Failure   Level
a - Blink                 Tloc           100%       N/A       0%          2
b - Lesser Beckoning      Tloc           88%        N/A       0%          3
c - Gell's Gravitas       Tloc           88%        N/A       0%          3
d - Teleport Other        Tloc           88%        N/A       0%          3
e - Manifold Assault      Tloc           88%        N/A       0%          5
f - Magic Dart            Conj           100%       1d8       0%          1
g - Ensorcelled Hibernat  Hex/Ice        100%       N/A       0%          2
h - Corpse Rot            Necr/Air       100%       N/A       0%          2
i - Summon Guardian Gole  Hex/Summ       88%        N/A       0%          3
j - Hailstorm             Conj/Ice       88%        3d18      0%          4
k - Summon Mana Viper     Hex/Summ       88%        N/A       0%          5
l - Statue Form           Tmut/Erth      58%        N/A       0%          6
m - Orb of Destruction    Conj           44%        9d12      1%          7
n - Malign Gateway        Summ/Tloc      44%        N/A       1%          7
o - Dragon Form           Tmut           44%        N/A       1%          7
p - Ignition              Fire           44%        3d13      1%          8
q - Dragon's Call         Summ           44%        N/A       2%          9
r - Death's Door          Necr           44%        N/A       2%          9
Your spell library was empty.

Dungeon Overview and Level Annotations

Branches:
Dungeon (1/1)

Altars:
Makhleb

Annotations:
D The Captor


Innate Abilities, Weirdness & Mutations

You are immune to sickness and miasma.
You are immune to poison.
Your flesh is very heat resistant. (rF++)
You are vulnerable to cold. (rC-)
You float through the air rather than walking.
You learn spells naturally, not from books.
Your magical power is your life essence.
You have superior vitality. (+4 MHP)


Message History

* * * LOW HITPOINT WARNING * * *
The bag of meat convulses!
The Captor convulses!
The bag of meat convulses!
The fleshlord convulses!
The bag of meat convulses!
The large bag of meat convulses!
Flame seeps out of the large bag of meat.
The fleshlord convulses!
You hear a shout!
You feel your strength returning.
You are too injured to fight recklessly!
You are too injured to fight recklessly!
You slice the bag of meat!!
You pulverise the bag of meat into a thin bloody mist.
You blow up the bag of meat!
Makhleb accepts your kill.
You feel better.
You hit the bag of meat.
You pulverise the bag of meat into a thin bloody mist.
You kill the bag of meat!
Makhleb accepts your kill.
You slash the bag of meat!
You cleave the bag of meat in twain.
You kill the bag of meat!
Makhleb accepts your kill.
You feel better.
You hear a shout! x2
The fleshlord gestures at you while chanting.
You feel as though you will be slow longer.
The eight-headed meat hydra calls on the powers of darkness!
The eight-headed meat hydra convulses!
Your body is wracked with pain!
* * * LOW HITPOINT WARNING * * *
The meat berserker convulses!
The fleshlord convulses!
The large bag of meat convulses!
Flame seeps out of the large bag of meat.
The Captor convulses!
The fleshlord convulses!
A sculptor of flesh comes into view. It is wielding a +9 great sword.
A large bag of meat comes into view. It is wielding a +9 giant spiked club.
The eight-headed meat hydra is engulfed in blazing flames.
A bag of meat comes into view. It is wielding a +9 war axe.
The bag of meat is engulfed in blazing flames.
A bag of meat comes into view. It is wielding a +9 war axe.
The meat berserker hits you with a +9 battleaxe!!!
You die...

o). )° #)) o)# z
#)). ..#
).o###).. ).###○
..V))..p###2.).))
#...)§O.)_V@o))§
...).○#))p.)# ..
.)....#_@O)_#....
)....)#))))o#○...
#).....)._D☼§p.O.
..).D).)###○...)§
..)###.......###)
..).)#)).....#..)
...)#......)#).)
....)))...))....
..))..)).)....).


You could see a meat beast (fast), 2 eight-headed meat hydras, a destroyer, 3
fleshlords, a sculptor of flesh, 2 large bags of meat, a meat berserker
(berserk), The Captor (fast) and 4 bags of meat.

Vanquished Creatures
  Dispater (D)
  13 hell knights (D)
  11 hell beasts (D)
  Edmund (D)
  8 royal mummies (D)
  9 great orbs of eyes (D)
  11 wraiths (D)
  18 vampire knights (D)
  54 ogres (D)
  11 two-headed ogres (D)
  15 liches (D)
  10 hydras (D)
  10 phantoms (D)
  94 orcs (D)
  9 skeletal warriors (D)
  9 sea snakes (D)
284 creatures vanquished.

Notes
Turn   | Place    | Note
-------+----------+-------------------------------------------
     0 | D        | Found the +∞ Axe of Woe
     0 | D        | thiscave3701365 the Djinni Warper began the quest for the
                  | Orb.
     0 | D        | Reached XP level 1. HP: 18/18 MP: 0/0
     1 | D        | Noticed a bag of meat
     1 | D        | Noticed a bag of meat
     2 | D        | Noticed a bag of meat
     3 | D        | Became a worshipper of Makhleb the Destroyer
     5 | D        | Killed a bag of meat
     6 | D        | Reached skill level 10 in Dodging
     6 | D        | Reached skill level 15 in Spellcasting
     6 | D        | Reached XP level 2. HP: 34/34 MP: 0/0
     6 | D        | Reached XP level 3. HP: 39/39 MP: 0/0
     6 | D        | Learned a level 1 spell: Magic Dart
     6 | D        | Reached XP level 4. HP: 45/45 MP: 0/0
     6 | D        | Reached XP level 5. HP: 50/50 MP: 0/0
     6 | D        | Learned a level 2 spell: Ensorcelled Hibernation
     6 | D        | Reached XP level 6. HP: 56/56 MP: 0/0
     6 | D        | Reached XP level 7. HP: 61/61 MP: 0/0
     6 | D        | Learned a level 2 spell: Corpse Rot
     6 | D        | Reached XP level 8. HP: 67/67 MP: 0/0
     6 | D        | Reached XP level 9. HP: 72/72 MP: 0/0
     6 | D        | Learned a level 3 spell: Summon Guardian Golem
     6 | D        | Reached XP level 10. HP: 78/78 MP: 0/0
     6 | D        | Reached XP level 11. HP: 84/84 MP: 0/0
     6 | D        | Learned a level 4 spell: Hailstorm
     6 | D        | Noticed a bag of meat
     7 | D        | Killed a bag of meat
     7 | D        | Reached * piety under Makhleb
     7 | D        | Noticed a bag of meat
     8 | D        | Reached skill level 10 in Fighting
     8 | D        | Reached skill level 10 in Axes
     8 | D        | Reached XP level 12. HP: 92/92 MP: 0/0
     8 | D        | Killed a bag of meat
     8 | D        | Noticed a meat berserker
     8 | D        | Noticed a bag of meat
     9 | D        | Reached XP level 13. HP: 99/99 MP: 0/0
     9 | D        | Learned a level 5 spell: Summon Mana Viper
     9 | D        | Killed a bag of meat
     9 | D        | Noticed a meat berserker
    10 | D        | Killed a bag of meat
    10 | D        | Reached ** piety under Makhleb
    10 | D        | Noticed a bag of meat
    10 | D        | Noticed a meat berserker
    11 | D        | Reached XP level 14. HP: 108/108 MP: 0/0
    11 | D        | Killed a meat berserker
    11 | D        | Killed a bag of meat
    11 | D        | Killed a meat berserker
    11 | D        | Reached *** piety under Makhleb
    11 | D        | Killed a meat berserker
    11 | D        | Noticed a bag of meat
    11 | D        | Noticed a bag of meat
    12 | D        | Reached XP level 15. HP: 117/122 MP: 0/0
    12 | D        | Learned a level 6 spell: Statue Form
    12 | D        | Reached XP level 16. HP: 124/129 MP: 0/0
    12 | D        | Reached **** piety under Makhleb
    13 | D        | Reached skill level 5 in Armour
    13 | D        | Noticed a meat berserker
    14 | D        | Reached skill level 27 in Spellcasting
    14 | D        | Reached XP level 17. HP: 139/139 MP: 0/0
    14 | D        | Learned a level 7 spell: Orb of Destruction
    14 | D        | Killed a meat berserker
    14 | D        | Reached ***** piety under Makhleb
    15 | D        | Reached skill level 5 in Throwing
    15 | D        | Noticed a meat berserker
    15 | D        | Noticed a meat berserker
    15 | D        | Noticed a meat berserker
    15 | D        | Noticed a meat berserker
    15 | D        | Noticed a meat berserker
    17 | D        | Noticed a meat berserker
    17 | D        | Killed a meat berserker
    17 | D        | Killed a meat berserker
    18 | D        | Reached skill level 27 in Axes
    18 | D        | Reached XP level 18. HP: 160/160 MP: 0/0
    18 | D        | Reached ****** piety under Makhleb
    19 | D        | Reached skill level 27 in Fighting
    19 | D        | Reached XP level 19. HP: 134/174 MP: 0/0
    19 | D        | Learned a level 7 spell: Malign Gateway
    19 | D        | Killed a meat berserker
    19 | D        | Killed a meat berserker
    19 | D        | Noticed a large bag of meat
    20 | D        | Reached skill level 27 in Dodging
    20 | D        | Reached XP level 20. HP: 181/181 MP: 0/0
    20 | D        | Killed a large bag of meat
    20 | D        | Noticed a large bag of meat
    21 | D        | Reached skill level 27 in Armour
    21 | D        | Killed a meat berserker
    21 | D        | Killed a meat berserker
    22 | D        | Reached skill level 27 in Throwing
    22 | D        | Reached XP level 21. HP: 187/187 MP: 0/0
    22 | D        | Learned a level 7 spell: Dragon Form
    22 | D        | Killed a large bag of meat
    23 | D        | Reached skill level 5 in Short Blades
    23 | D        | Reached skill level 5 in Long Blades
    23 | D        | Reached skill level 5 in Maces & Flails
    23 | D        | Reached skill level 5 in Polearms
    23 | D        | Reached skill level 5 in Staves
    23 | D        | Reached skill level 5 in Slings
    23 | D        | Reached skill level 5 in Bows
    23 | D        | Reached skill level 5 in Crossbows
    23 | D        | Reached skill level 5 in Stealth
    23 | D        | Reached skill level 5 in Shields
    23 | D        | Reached skill level 5 in Unarmed Combat
    23 | D        | Reached skill level 5 in Invocations
    23 | D        | Reached skill level 5 in Evocations
    27 | D        | Noticed an eight-headed meat hydra
    29 | D        | Killed a nine-headed meat hydra
    30 | D        | Reached XP level 22. HP: 194/194 MP: 0/0
    38 | D        | Noticed a destroyer
    40 | D        | Killed a destroyer
    41 | D        | Reached skill level 10 in Short Blades
    41 | D        | Reached skill level 10 in Long Blades
    41 | D        | Reached skill level 10 in Staves
    41 | D        | Reached skill level 10 in Stealth
    41 | D        | Reached skill level 10 in Shields
    41 | D        | Reached skill level 10 in Unarmed Combat
    41 | D        | Reached skill level 10 in Invocations
    41 | D        | Reached skill level 10 in Evocations
    48 | D        | Noticed an accursed
    49 | D        | Noticed a meat berserker
    50 | D        | Killed an accursed
    50 | D        | Killed a meat berserker
    50 | D        | Noticed a tyrant
    51 | D        | Reached XP level 23. HP: 102/201 MP: 0/0
    51 | D        | Learned a level 8 spell: Ignition
    51 | D        | Killed a tyrant
    53 | D        | Noticed a tyrant
    53 | D        | Killed a tyrant
    54 | D        | Reached skill level 15 in Shields
    54 | D        | Reached skill level 15 in Unarmed Combat
    54 | D        | Reached skill level 15 in Invocations
    54 | D        | Reached skill level 15 in Evocations
    54 | D        | Reached XP level 24. HP: 138/208 MP: 0/0
    55 | D        | Reached skill level 15 in Short Blades
    55 | D        | Reached skill level 15 in Long Blades
    55 | D        | Reached skill level 15 in Staves
    55 | D        | Reached skill level 15 in Stealth
    55 | D        | Noticed a tyrant
    55 | D        | Killed a tyrant
    56 | D        | Reached skill level 15 in Maces & Flails
    56 | D        | Reached skill level 15 in Polearms
    56 | D        | Reached skill level 15 in Slings
    56 | D        | Reached skill level 15 in Bows
    56 | D        | Reached skill level 15 in Crossbows
    56 | D        | Noticed an accursed
    57 | D        | Killed an accursed
    57 | D        | Noticed a tyrant
    58 | D        | Reached XP level 25. HP: 214/214 MP: 0/0
    58 | D        | Learned a level 9 spell: Dragon's Call
    58 | D        | Killed a tyrant
    58 | D        | Noticed a dread
    59 | D        | Killed a dread
    61 | D        | Noticed a dread
    61 | D        | Killed a dread
    62 | D        | Reached XP level 26. HP: 216/221 MP: 0/0
    62 | D        | Noticed a dread
    62 | D        | Killed a dread
    63 | D        | Reached skill level 27 in Stealth
    67 | D        | Reached XP level 27. HP: 228/228 MP: 0/0
    67 | D        | Learned a level 9 spell: Death's Door
    68 | D        | Noticed a dread
    68 | D        | Killed a dread
    74 | D        | Noticed a tyrant
    80 | D        | Noticed a meat beast
    81 | D        | Noticed a meat beast
    81 | D        | Killed a meat beast
    81 | D        | Killed a meat beast
    83 | D        | Reached skill level 27 in Shields
    83 | D        | Reached skill level 27 in Unarmed Combat
    83 | D        | Reached skill level 27 in Invocations
    83 | D        | Reached skill level 27 in Evocations
    84 | D        | Reached skill level 27 in Short Blades
    84 | D        | Reached skill level 27 in Long Blades
    86 | D        | Reached skill level 27 in Staves
    88 | D        | Reached skill level 27 in Maces & Flails
    88 | D        | Reached skill level 27 in Polearms
    89 | D        | Reached skill level 27 in Slings
    89 | D        | Reached skill level 27 in Bows
    89 | D        | Reached skill level 27 in Crossbows
    90 | D        | Noticed an accursed
    91 | D        | Killed an accursed
    92 | D        | Noticed a tyrant
    93 | D        | Noticed an accursed
    94 | D        | Noticed a meat beast
    94 | D        | Noticed a large bag of meat
    94 | D        | Noticed a destroyer
    94 | D        | Noticed a dread
    96 | D        | Noticed a destroyer
    98 | D        | Killed a destroyer
    99 | D        | Killed a large bag of meat
    99 | D        | Noticed a meat beast
    99 | D        | Noticed a tyrant
   100 | D        | Killed a tyrant
   101 | D        | Killed a meat beast
   101 | D        | Killed a tyrant
   101 | D        | Killed an accursed
   101 | D        | Noticed a large bag of meat
   101 | D        | Noticed a tyrant
   102 | D        | Killed a dread
   102 | D        | Noticed a large bag of meat
   103 | D        | Killed a large bag of meat
   104 | D        | Noticed a dread
   104 | D        | Killed a tyrant
   104 | D        | Killed a dread
   104 | D        | Noticed a meat beast
   106 | D        | Killed a destroyer
   106 | D        | Noticed a meat beast
   106 | D        | Noticed a dread
   107 | D        | Killed a meat beast
   108 | D        | Killed a large bag of meat
   108 | D        | Noticed The Defiler
   109 | D        | Noticed a destroyer
   110 | D        | Killed a meat beast
   110 | D        | Noticed a tyrant
   112 | D        | Killed The Defiler
   112 | D        | Killed a dread
   112 | D        | Noticed a large bag of meat
   112 | D        | Noticed a tyrant
   113 | D        | Killed a tyrant
   113 | D        | Killed a tyrant
   113 | D        | Killed a large bag of meat
   113 | D        | Noticed a destroyer
   113 | D        | Noticed an accursed
   114 | D        | Killed an accursed
   115 | D        | Killed a destroyer
   115 | D        | Noticed a destroyer
   116 | D        | Killed a destroyer
   116 | D        | Noticed a tyrant
   117 | D        | Killed a tyrant
   117 | D        | Noticed a destroyer
   119 | D        | Noticed a tyrant
   120 | D        | Killed a tyrant
   120 | D        | Noticed a destroyer
   121 | D        | Killed a destroyer
   121 | D        | Killed a destroyer
   123 | D        | Noticed a destroyer
   124 | D        | Killed a destroyer
   124 | D        | Noticed a fleshlord
   125 | D        | Killed a fleshlord
   125 | D        | Noticed a destroyer
   125 | D        | Noticed a fleshlord
   126 | D        | Noticed a fleshlord
   126 | D        | Killed a fleshlord
   126 | D        | Killed a destroyer
   127 | D        | Noticed a fleshlord
   127 | D        | Killed a fleshlord
   129 | D        | Killed a fleshlord
   129 | D        | Noticed a tyrant
   129 | D        | Noticed a fleshlord
   129 | D        | Noticed a dread
   130 | D        | Killed a dread
   130 | D        | Killed a tyrant
   131 | D        | Killed a fleshlord
   132 | D        | Noticed a dread
   132 | D        | Killed a dread
   133 | D        | Noticed a meat beast
   134 | D        | Noticed a fleshlord
   134 | D        | Noticed a destroyer
   134 | D        | Killed a fleshlord
   134 | D        | Killed a destroyer
   134 | D        | Killed a destroyer
   135 | D        | Killed a meat beast
   135 | D        | Noticed a meat beast
   135 | D        | Noticed a destroyer
   135 | D        | Noticed a tyrant
   135 | D        | Noticed a meat beast
   136 | D        | Killed a tyrant
   136 | D        | Killed a meat beast
   137 | D        | Killed a destroyer
   137 | D        | Noticed a fleshlord
   137 | D        | Noticed a destroyer
   138 | D        | Killed a destroyer
   138 | D        | Killed a fleshlord
   138 | D        | Noticed a fleshlord
   138 | D        | Noticed a dread
   138 | D        | Noticed a fleshlord
   139 | D        | Killed a dread
   139 | D        | Killed a fleshlord
   139 | D        | Noticed a meat beast
   139 | D        | Noticed a large bag of meat
   140 | D        | Noticed a meat beast
   140 | D        | Noticed a large bag of meat
   141 | D        | Killed a large bag of meat
   141 | D        | Killed a meat beast
   141 | D        | Noticed a fleshlord
   142 | D        | Killed a fleshlord
   143 | D        | Killed a tyrant
   144 | D        | Killed a fleshlord
   144 | D        | Noticed a fleshlord
   144 | D        | Noticed a dread
   145 | D        | Killed a meat beast
   145 | D        | Killed a dread
   145 | D        | Noticed a large bag of meat
   145 | D        | Noticed a fleshlord
   146 | D        | Noticed a meat beast
   146 | D        | Killed a meat beast
   146 | D        | Killed a large bag of meat
   146 | D        | Killed a fleshlord
   146 | D        | Noticed an accursed
   146 | D        | Noticed a destroyer
   146 | D        | Noticed The Meatlord
   147 | D        | Noticed a destroyer
   147 | D        | Noticed a tyrant
   147 | D        | Noticed a large bag of meat
   148 | D        | Killed a large bag of meat
   148 | D        | Killed a destroyer
   148 | D        | Noticed a meat beast
   148 | D        | Noticed a large bag of meat
   149 | D        | Noticed a fleshlord
   149 | D        | Killed a tyrant
   149 | D        | Noticed an accursed
   149 | D        | Noticed a fleshlord
   149 | D        | Noticed an accursed
   150 | D        | Killed an accursed
   151 | D        | Killed The Meatlord
   151 | D        | Noticed The Captor
   152 | D        | Killed a destroyer
   153 | D        | Killed a fleshlord
   153 | D        | Killed a large bag of meat
   153 | D        | Killed a large bag of meat
   153 | D        | Noticed a destroyer
   153 | D        | Noticed a destroyer
   154 | D        | Killed a fleshlord
   154 | D        | Noticed a destroyer
   154 | D        | Noticed a fleshlord
   155 | D        | Killed an accursed
   155 | D        | Noticed a destroyer
   155 | D        | Noticed a large bag of meat
   156 | D        | Killed a meat beast
   157 | D        | Killed a destroyer
   157 | D        | Killed a destroyer
   157 | D        | Killed a destroyer
   158 | D        | Noticed a tyrant
   159 | D        | Killed an accursed
   159 | D        | Noticed a fleshlord
   160 | D        | Noticed a large bag of meat
   160 | D        | Demolished by a meat berserker

Illustrated notes

Levels and vault maps discovered:
D:        meatsprint

Skill      XL: |  1  2  3  4  5  6  7  8  9 10 11 12 13 14 15 16 17 18 19 20 21 22 23 24 25 26 27 |
---------------+----------------------------------------------------------------------------------+-----
Fighting       | 9 10 11 12 16 18 24 27 | 27.0
Axes           | 8 10 11 12 17 20 27 | 27.0
Throwing       | 3 4 5 7 13 27 | 27.0
Armour         | 2 3 4 5 8 12 21 27 | 27.0
Dodging        | 10 11 12 13 16 17 20 24 27 | 27.0
Spellcasting   | 15 18 19 21 25 27 | 27.0
Short Blades   | 8 13 14 17 19 20 27 | 27.0
Long Blades    | 8 13 14 17 19 20 27 | 27.0
Maces & Flails | 7 12 13 16 17 19 27 | 27.0
Polearms       | 7 12 13 16 17 19 27 | 27.0
Staves         | 8 13 14 17 19 20 27 | 27.0
Slings         | 7 12 13 16 17 19 27 | 27.0
Bows           | 7 12 13 16 17 19 27 | 27.0
Crossbows      | 7 12 13 16 17 19 27 | 27.0
Stealth        | 8 13 14 17 26 27 | 27.0
Shields        | 8 13 15 18 19 21 27 | 27.0
Unarmed Combat | 8 13 15 18 19 21 27 | 27.0
Invocations    | 8 13 15 18 19 21 27 | 27.0
Evocations     | 8 13 15 18 19 21 27 | 27.0

Action                   |  1- 3 |  4- 6 |  7- 9 | 10-12 | 13-15 | 16-18 | 19-21 | 22-24 | 25-27 || total
-------------------------+-------+-------+-------+-------+-------+-------+-------+-------+-------++-------
Melee: Executioner's axe |     1 |       |       |     2 |     6 |    14 |    19 |    19 |   213 ||   274
 Cast: Manifold Assault  |       |       |       |       |     1 |     5 |     5 |     9 |    74 ||    94
Dodge: Dodged            |       |       |       |       |       |       |       |       |     2 ||     2

Table legend: (Time is in decaauts)
 A = Elapsed time spent in this place.
 B = Non-inter-level travel time spent in this place.
 C = Inter-level travel time spent in this place.
 D = Time resting spent in this place.
 E = Time spent auto-exploring this place.
 F = Levels seen in this place.
 G = Mean time per level.
                   A        B        C        D        E       F      G
               +--------+--------+--------+--------+--------+-----+--------+
         Total |    136 |    136 |      0 |      0 |      0 |   1 |  136.0 |
       Dungeon |    136 |    136 |      0 |      0 |      0 |   1 |  136.0 |
               +--------+--------+--------+--------+--------+-----+--------+

Top non-repeatable levels by time:
       D: 136 daAuts
